 Dungeon Crawl Stone Soup version 0.14-a0-1169-g4815781 (webtiles) character file.

158 PolkaDot the Cutter (level 4, -1/33 HPs)
             Began as a Vampire Death Knight on Nov 30, 2013.
             Was a Believer of Yredelemnul.
             Slain by a gnoll
             ... wielding a +0,+0 spear
              (7 damage)
             ... on Level 3 of the Dungeon.
             The game lasted 00:06:12 (1998 turns).

PolkaDot the Cutter (Vampire Death Knight)          Turns: 1998, Time: 00:06:12

HP  -1/33        AC  3     Str 12      XL: 4   Next: 79%
MP   7/7         EV 12     Int 13      God: Yredelemnul [**....]
Gold 35          SH  0     Dex 14      Spells:  0 memorised,  3 levels left

rFire  . . .     SeeInvis +     a - +1 short sword
rCold  . . .     Clarity  .     b - +0 leather armour
rNeg   . . .     Conserve .     (no shield)
rPois  .         rCorr    .     (no helmet)
rElec  .         rRot     .     (no cloak)
SustAb . .       Spirit   .     (no gloves)
rMut   .         Warding  .     (no boots)
Saprov . . .     Stasis   .     (no amulet)
                                (no ring)
                                (no ring)

@: regenerating quickly, about to teleport, slightly resistant to hostile
enchantments, unstealthy
A: fangs 3, see invisible, unbreathing
a: Animate Remains, Recall Undead Slaves, Injury Mirror, Renounce Religion


You were on level 3 of the Dungeon.
You worshipped Yredelemnul.
Yredelemnul was pleased with you.
You were full.

You visited 1 branch of the dungeon, and saw 3 of its levels.

You collected 35 gold pieces.

Inventory:

Hand weapons
 a - a +1,+1 short sword (weapon)
Armour
 b - a +0 leather armour (worn)
Scrolls
 c - 2 scrolls of fog {unknown}
 f - 4 scrolls of identify {unknown}
 h - a scroll of teleportation
 i - a scroll of curse jewellery {unknown}
 k - a scroll of enchant weapon I {unknown}
Potions
 d - a potion of might {unknown}
 e - a potion of lignification {unknown}
 g - a potion of restore abilities {unknown}
 j - 2 potions of paralysis {unknown}


   Skills:
 - Level 1.7 Fighting
 + Level 3.8 Short Blades
 * Level 2.2 Armour
 + Level 2.8 Dodging
 - Level 2.4 Invocations


You had 3 spell levels left.
You didn't know any spells.

Dungeon Overview and Level Annotations

Branches:
Dungeon (3/16)

Altars:
Fedhas


Innate Abilities, Weirdness & Mutations

Your natural rate of healing is unusually fast.
You have razor-sharp teeth.*
You have supernaturally acute eyesight.
You can survive without breathing.*


Message History

Yredelemnul accepts your kill.
You closely miss the gnoll. You hit the gnoll.
The gnoll is heavily wounded.
The gnoll barely misses you.
Read which item? (? for menu, Esc to quit)
As you read the scroll of teleportation, it crumbles to dust.
You feel strangely unstable. The gnoll barely misses you.
The gnoll hits you with a flail. The gnoll misses you.
You hit the gnoll.
You kill the gnoll!
Yredelemnul accepts your kill.
The gnoll hits you from afar with a spear.
* * * LOW HITPOINT WARNING * * *
You closely miss the gnoll.
The gnoll unwields an uncursed club.
The gnoll drops an uncursed club.
The gnoll picks up a flail.
The gnoll wields a flail.
The gnoll hits you from afar with a spear!
You die...
Yredelemnul claims you as an undead slave.

. #... ##... ....# #...#
#.g.# #########...#
........<...######
..............g.@#
.........#######g#
.........#######.#########
#####.....................
.)............##.#########
#####.##.####.##.# #.##.#
#.##.# #.##.# #.##.#
#.##.# #.##.#


You could see 2 gnolls.

Vanquished Creatures
  2 gnolls (D:3)
  5 adders
  An ooze (D:1)
  2 ball pythons
  8 goblins
  5 hobgoblins
  6 jackals (D:2)
  2 kobolds (D:2)
  5 bats
  5 giant cockroaches
  2 giant newts
  2 quokkas
  3 rats (D:2)
48 creatures vanquished.

Vanquished Creatures (collateral kills)
  2 adders (D:2)
  2 hobgoblins (D:2)
  2 giant cockroaches
6 creatures vanquished.

Vanquished Creatures (others)
  A bat skeleton (D:2)
  3 giant cockroach zombies
  A goblin skeleton (D:2)
  A hobgoblin skeleton (D:2)
  A jackal skeleton (D:2)
  2 kobold zombies (D:2)
  A quokka skeleton (D:2)
  A quokka zombie (D:3)
11 creatures vanquished.

Grand Total: 65 creatures vanquished

Notes
Turn   | Place    | Note
--------------------------------------------------------------
     0 | D:1      | PolkaDot, the Vampire Death Knight, began the quest for the Orb.
     0 | D:1      | Reached XP level 1. HP: 16/16 MP: 3/3
   298 | D:1      | Reached skill level 1 in Armour
   323 | D:1      | Reached XP level 2. HP: 16/22 MP: 4/4
   798 | D:2      | Reached XP level 3. HP: 13/27 MP: 4/6
   889 | D:2      | Reached skill level 3 in Short Blades
   980 | D:2      | Acquired Yredelemnul's second power
  1001 | D:2      | Found a blossoming altar of Fedhas.
  1165 | D:2      | Reached XP level 4. HP: 7/33 MP: 7/7
  1998 | D:3      | Slain by a gnoll

Action                   |  1- 3 |  4- 6 || total
-------------------------+-------+-------++-------
Melee: Short sword       |   133 |    73 ||   206
Invok: Animate Remains   |    10 |     7 ||    17
  Use: Scroll            |     2 |     1 ||     3
       Potion            |     1 |       ||     1
 Stab: Sleeping          |     1 |     1 ||     2
       Distracted        |     1 |       ||     1
